 Dungeon Crawl Stone Soup version 0.28.0-49-g6dfe1f597d (webtiles) character file.

Game seed: 13394012074720608920

46 Atelerd the Digger (level 3, -1/21 HPs)
             Began as an Octopode Earth Elementalist on May 15, 2022.
             Slain by an adder (3 damage)
             ... on level 3 of the Dungeon.
             The game lasted 00:01:04 (1373 turns).

Atelerd the Digger (Octopode Earth Elementalist)    Turns: 1373, Time: 00:01:05

Health: -1/21      AC:  1    Str:  7    XL:     3   Next: 66%
Magic:  5/6        EV: 13    Int: 19    God:
Gold:   75         SH:  0    Dex: 12    Spells: 6/7 levels left

rFire   . . .      SeeInvis .   e - +0 dagger
rCold   . . .      Faith    .   (no shield)
rNeg    . . .      Spirit   .   (helmet restricted)
rPois   .          Reflect  .   (no amulet)
rElec   .          Harm     .   (no ring)
rCorr   .          Rampage  .   (no ring)
Will    .....                   (no ring)
Stlth   +++.......              (no ring)
HPRegen 0.07/turn               (no ring)
MPRegen 0.10/turn               (no ring)
                                (no ring)
                                (no ring)

@: lethally poisoned (-1 -> -15)
A: almost no armour, amphibious, 8 rings, camouflage 1, gelatinous body 1,
(nimble swimmer 1), tentacles
a: no special abilities


You were on level 3 of the Dungeon.
You visited 1 branch of the dungeon, and saw 3 of its levels.

You collected 75 gold pieces.

Inventory:

Hand Weapons
 e - a +0 dagger (weapon)
Missiles
 b - 26 stones
Armour
 f - a +0 buckler
Scrolls
 a - a scroll of amnesia {unknown}
 c - a scroll of noise {unknown}
 g - a scroll of blinking {unknown}


   Skills:
 - Level 2.0 Dodging
 - Level 2.6 Stealth
 + Level 2.6 Spellcasting
 + Level 2.1 Transmutations
 + Level 3.5 Earth Magic


You had 6 spell levels left.
You knew the following spells:

 Your Spells              Type           Power      Damage    Failure   Level
a - Sandblast             Erth           32%        2d9       3%          1

Your spell library contained the following spells:

 Spells                   Type           Power      Damage    Failure   Level
 Passwall                 Tmut/Erth      10%        N/A       8%          2
 Stone Arrow              Conj/Erth      18%        3d8       22%         3
 Petrify                  Tmut/Erth      13%        N/A       45%         4


Dungeon Overview and Level Annotations

Branches:
Dungeon (3/15)

Altars:

Shops:
D:3 :

Annotations:
D:2 Sigmund


Innate Abilities, Weirdness & Mutations

You cannot wear most types of armour.
You are amphibious.
You can wear up to eight rings at the same time.
Your skin changes colour to match your surroundings (Stealth+).
Your rubbery body absorbs attacks. (AC +1, EV +1)
((You are camouflaged when in or above water. (Stealth+)))
You have tentacles for arms and can constrict up to eight enemies at once.


Message History

The bat hits you but does no damage.
You hit the adder. Your grab misses the adder.
The adder is lightly wounded.
The bat hits you. The adder bites you but does no damage.
There are monsters nearby!
You hit the adder but do no damage. Your grab misses the adder.
The adder is lightly wounded.
The bat barely misses you. The adder bites you.
You are poisoned.
The adder poisons you! The adder closely misses you.
The blast of sand hits the adder.
The adder is heavily wounded.
You feel sick. The bat hits you but does no damage. The adder bites you.
You are lethally poisoned!
The adder poisons you!
You are too injured to fight recklessly!
You are too injured to fight recklessly!
There is a lethal amount of poison in your body!
You are too injured to fight recklessly!
You are too injured to fight recklessly!
You are too injured to fight recklessly!
You are too injured to fight recklessly!
It was a potion of magic.
Magic courses through your body.
You feel very sick. The bat barely misses you. The adder bites you.
* * * LOW HITPOINT WARNING * * *
You are more poisoned.
The adder poisons you!
Casting: Sandblast (safe; 3% risk of failure)
Confirm with . or Enter, or press ? or * to list all spells.
Aiming: Sandblast (safe; 3% risk of failure)
Press: ? - help, Shift-Dir - straight line, f/p - adder
Aim: an adder (heavily wounded, 66% to hit)
The blast of sand hits the adder but does no damage.
The adder is heavily wounded.
* * * LOW HITPOINT WARNING * * *
You feel very sick. The bat hits you but does no damage.
The adder barely misses you. The adder bites you.
You die...

####......###...
#.........+....#
#.###.....####.# +###
#.....####..
....#####+###.....#..+..
...........##.....#.##..
...........##....:#'##..
#....S..######.......
#...@.........>......
#....................
#.<..b..............#
######'#####+#.####..
#.#####.#.# #..
#.#.......# ##.
#.#.#....#####..
#.#.#....+.....#
#.#.#[...####..#


You could see an adder and a bat.

Vanquished Creatures
  An adder (D:2)
  2 worms
  A dart slug (D:1)
  An orc (D:3)
  5 endoplasms
  A giant cockroach (D:2)
  3 goblins
  A hobgoblin (D:1)
  3 quokkas
  4 ball pythons
  A bat (D:3)
  A frilled lizard (D:3)
  2 rats (D:1)
26 creatures vanquished.

Notes
Turn   | Place    | Note
-------+----------+-------------------------------------------
     0 | D:1      | Atelerd the Octopode Earth Elementalist began the quest for
                  | the Orb.
     0 | D:1      | Reached XP level 1. HP: 11/11 MP: 3/3
   458 | D:1      | Reached XP level 2. HP: 17/17 MP: 3/5
   916 | D:2      | Reached XP level 3. HP: 21/21 MP: 2/6
   994 | D:2      | Noticed Sigmund
  1201 | D:3      | Found Unluh's Book Emporium.
  1373 | D:3      | Slain by an adder

Illustrated notes

Levels and vault maps discovered:
D:1:      saegor_arrival_simple_c, layout_basic
D:2:      layout_rooms, hellmonk_ecumenical_altar_crossroads, uniq_sigmund,
          uniq_crazy_yiuf_cottage
D:3:      layout_basic, led_sif_book, serial_shops, nicolae_square_shop

Skill      XL: |  1  2  3 |
---------------+----------+-----
Transmutations | 2 |  2.1
Dodging        | |  2.0
Stealth        | |  2.6
Spellcasting   | |  2.6
Earth Magic    | |  3.5

Action                   || total
-------------------------++-------
Melee: Unarmed           ||     8
       Tentacles         ||     8
       Constrict         ||     4
       Dagger            ||    12
 Cast: Sandblast         ||    29
  Use: Potion            ||     1
 Stab: Sleeping          ||     4
Armor: Skin              ||     5
Dodge: Dodged            ||    16
